 Dungeon Crawl Stone Soup version 0.29.1-15-g9cfb28693d (webtiles) character file.

Game seed: 661583042932127466

31 sampeng1 the Trooper (level 3, -2/29 HPs)
             Began as a Human Fighter on Apr 11, 2023.
             Slain by Terence
             ... wielding a +1 mace of protection
              (3 damage)
             ... on level 2 of the Dungeon.
             The game lasted 00:06:48 (436 turns).

sampeng1 the Trooper (Human Fighter)                 Turns: 436, Time: 00:06:49

Health: -2/29      AC:  6    Str: 18    XL:     3   Next: 40%
Magic:  3/3        EV:  9    Int:  8    God:
Gold:   30         SH:  4    Dex: 12    Spells: 2/2 levels left

rFire   . . .      SeeInvis .   a - +0 long sword
rCold   . . .      Faith    .   c - +0 buckler
rNeg    . . .      Spirit   .   b - +0 scale mail
rPois   .          Reflect  .   (no helmet)
rElec   .          Harm     .   (no cloak)
rCorr   .          Rampage  .   (no gloves)
Will    .....                   (no boots)
Stlth   ..........              (no amulet)
HPRegen 0.09/turn               (no ring)
MPRegen 0.08/turn               (no ring)

@: mighty
A: no striking features
a: no special abilities


You were on level 2 of the Dungeon.
You visited 1 branch of the dungeon, and saw 2 of its levels.

You collected 30 gold pieces.

Inventory:

Hand Weapons
 a - a +0 long sword (weapon)
 f - a +0 hand axe
Armour
 b - a +0 scale mail (worn)
 c - a +0 buckler (worn)
Scrolls
 e - a scroll of poison {unknown}
 g - a scroll of immolation {unknown}
 i - a scroll of identify
Potions
 h - a potion of mutation {unknown}


   Skills:
 + Level 3.4 Fighting
 + Level 2.3 Long Blades
 + Level 3.3 Armour
 + Level 3.2 Shields


You had 2 spell levels left.
You didn't know any spells.
Your spell library was empty.

Dungeon Overview and Level Annotations

Branches:
Dungeon (2/15)

Altars:

Annotations:
D:2 Terence


Message History

You closely miss Terence.
Terence hits you with a +1 mace of protection.
Terence misses you.
You hit Terence but do no damage.
The ball python bites you but does no damage.
The ball python grabs you. The ball python constricts you.
Terence hits you but does no damage.
You closely miss the ball python.
The ball python bites you but does no damage.
The ball python constricts you.
Terence hits you with a +1 mace of protection.
You block the ball python's attack. The ball python constricts you.
You hit the ball python.
You kill the ball python!
Terence hits you with a +1 mace of protection.
Terence zaps a wand.
The roots erupt in riotous growth!
The grasping roots grab you!
Terence is unaffected.
The grasping roots constrict you.
You hear a shout! x8
You hit Terence but do no damage.
Terence hits you with a +1 mace of protection.
The grasping roots constrict you.
* * * LOW HITPOINT WARNING * * *
You hit Terence.
Terence is lightly wounded.
Terence hits you with a +1 mace of protection.
* * * LOW HITPOINT WARNING * * *
The grasping roots constrict you.
* * * LOW HITPOINT WARNING * * *
A hobgoblin comes into view.
The grasping roots release their grip on you.
Unknown command.
You feel very mighty all of a sudden. Terence hits you but does no damage.
You barely miss Terence.
Terence is lightly wounded.
Terence hits you with a +1 mace of protection.
* * * LOW HITPOINT WARNING * * *
Terence hits you with a +1 mace of protection.
You die...

##.## .... ...# # #..8
.8.. .# ##.. ... .#
##...###.## .##
.....#...#...#
#.8...8†..8.#
###########...#.@@....#
.......<.####......####
.......†.......#####
########.###..##P##
#...####..P#
##....#P...#
###.##.PP.♣# #.#..~~._#
#..#.~~[♣#


You could see Terence.

Vanquished Creatures
  Jessica (D:2)
  2 ball pythons (D:2)
  A hobgoblin (D:1)
  A frilled lizard (D:1)
  2 rats (D:1)
7 creatures vanquished.

Vanquished Creatures (others)
  4 plants (D:2)
4 creatures vanquished.

Grand Total: 11 creatures vanquished

Notes
Turn   | Place    | Note
-------+----------+-------------------------------------------
     0 | D:1      | sampeng1 the Human Fighter began the quest for the Orb.
     0 | D:1      | Reached XP level 1. HP: 18/18 MP: 1/1
   326 | D:2      | Found a faded altar of an unknown god.
   421 | D:2      | Noticed Jessica
   425 | D:2      | Noticed Terence
   426 | D:2      | Killed Jessica
   427 | D:2      | Reached XP level 2. HP: 24/24 MP: 2/2
   427 | D:2      | Reached XP level 3. HP: 29/29 MP: 3/3
   436 | D:2      | HP: 1/29 [Terence/+1 mace of protection (3)]
   436 | D:2      | Slain by Terence

Illustrated notes

Levels and vault maps discovered:
D:1:      nicolae_arrival_memento_mori, layout_loops_ring,
          minmay_misc_feat_rugged
D:2:      layout_loops_ring, dreamdust_ecumenical_altar_hidden_monk_grotto,
          serial_shops, nicolae_shop_hallway_plus, shop, shop_statue,
          nicolae_eternal_life, minmay_misc_feat_nine_boxes,
          minmay_misc_feat_four_crosses, grunt_ministairs_7, uniq_jessica,
          uniq_robin, uniq_terence

Action                   || total
-------------------------++-------
Melee: Long sword        ||    42
  Use: Scroll            ||     1
       Potion            ||     1
Armor: Scale mail        ||    15
Dodge: Dodged            ||    11
Block: Buckler           ||     4
